Map: Ever Dream LE

Players

DLCFocesTTV - Winner!

  • Race: Zerg Zerg
  • League: Platinum
  • Spawn Location: 1:00

BORED

  • Race: Protoss Protoss
  • League: Platinum
  • Spawn Location: 7:00

VOD

Have the link to the VOD?

Description

Time

  • Played on: Sept. 29, 2020, 8:10 a.m.
  • Length: 14:28
Show
View Real Time Build Order
Export as new Build Order

DLCFocesTTV Zerg - Winner!

Build Orders: Pool First 

Get SALT Encoding   

  12  0:20  Spawning Pool  
  11  0:22  Drone  
  11  0:27  Drone  
  13  0:35  Overlord  
  13  0:43  Drone  
  14  0:58  Drone  
  15  1:08  Zergling x4  
  15  1:10  Queen  
  19  1:16  Drone  
  20  1:37  Drone  
  20  1:38  Hatchery  
  20  1:39  Extractor  
  19  1:42  Drone  
  20  1:57  Drone  
  20  2:00  Overlord  
  20  2:24  Drone x2  
  22  2:33  Drone x3  
  25  2:41  Extractor  
  24  2:48  Drone  
  25  2:53  Queen  
  25  2:55  Overlord  
  27  3:01  Drone x2  
  29  3:06  Drone  
  30  3:13  Lair  
  30  3:20  Drone  
  30  3:21  Drone  
  30  3:22  Extractor  
  30  3:23  Extractor  
  30  3:49  Drone x3  
  30  3:51  Drone x3  
  30  3:53  Overlord  
  36  4:08  Drone x3  
  36  4:09  Drone x2  
  41  4:14  Spire  
  40  4:22  Drone  
  41  4:24  Overlord x3  
  41  4:49  Drone x4  
  45  5:04  Hatchery  
  44  5:12  Metabolic Boost  
  44  5:14  Zergling x2  
  44  5:15  Zergling x10  
  44  5:19  Overlord  
  50  5:31  Mutalisk  
  50  5:32  Mutalisk x6  
  64  5:50  Mutalisk  
  64  5:51  Mutalisk x3  
  73  6:04  Zergling x10  
  77  6:15  Overlord x3  
  75  6:45  Mutalisk  
  75  6:46  Mutalisk x5  
  87  7:00  Zerg Flyer Armor Level 1  
  85  7:35  Mutalisk x3  
  91  7:50  Zergling x2  
  91  7:51  Zergling x18  
  77  8:51  Drone x9, Hydralisk Den  
  55  9:21  Hydralisk x2  
  55  9:22  Hydralisk x5  
  65  9:26  Muscular Augments  
  65  9:36  Drone x5  
  70  9:41  Hatchery  
  70  9:44  Extractor  
  70  9:45  Extractor  
  67  9:55  Hydralisk  
  67  9:56  Hydralisk x5  
  67  9:59  Evolution Chamber  
  78  10:01  Zerg Flyer Armor Level 2, Evolution Chamber  
  78  10:03  Corruptor  
  78  10:04  Corruptor  
  81  10:14  Drone x3  
  83  10:16  Hydralisk  
  83  10:17  Hydralisk x3  
  83  10:21  Queen  
  94  10:26  Hydralisk x5  
  104  10:31  Zerg Missile Weapons Level 1  
  104  10:32  Zerg Ground Armor Level 1  
  104  10:47  Hydralisk  
  104  10:48  Hydralisk x3  
  112  10:52  Drone x2  
  112  10:54  Overlord  
  112  10:55  Overlord x5  
  114  11:24  Hydralisk x11  
  108  12:07  Hydralisk  
  108  12:08  Hydralisk x11  
  124  12:24  Grooved Spines  
  124  12:28  Hydralisk x6  
  132  13:00  Corruptor  
  132  13:01  Corruptor x4  
  132  13:02  Drone  
  95  13:32  Hydralisk  
  95  13:33  Hydralisk x9  
  109  13:51  Hydralisk  
  109  13:52  Hydralisk x5  
Show
View Real Time Build Order
Export as new Build Order

BORED Protoss 

Build Orders: Nexus First 

Get SALT Encoding   

  12  0:01  Probe (Chrono Boost)  
  13  0:11  Probe (Chrono Boost)  
  14  0:16  Probe (Chrono Boost)  
  15  0:45  Nexus  
  15  0:53  Pylon  
  15  1:11  Forge, Probe  
  16  1:19  Gateway  
  16  1:25  Probe (Chrono Boost)  
  17  1:33  Probe (Chrono Boost)  
  17  1:39  Probe  
  18  1:45  Photon Cannon  
  19  1:53  Photon Cannon  
  19  2:05  Photon Cannon  
  18  2:22  Photon Cannon  
  18  2:31  Photon Cannon  
  18  2:36  Probe (Chrono Boost)  
  20  2:37  Probe (Chrono Boost)  
  20  2:46  Probe (Chrono Boost)  
  20  2:48  Probe (Chrono Boost)  
  22  2:52  Probe (Chrono Boost), Cybernetics Core  
  23  2:59  Pylon  
  23  3:04  Assimilator  
  23  3:07  Assimilator  
  23  3:09  Probe (Chrono Boost)  
  23  3:10  Probe (Chrono Boost)  
  25  3:19  Probe (Chrono Boost)  
  27  3:20  Probe (Chrono Boost)  
  27  3:24  Probe x2 (Chrono Boost)  
  29  3:35  Probe  
  29  3:36  Probe  
  31  3:45  Shield Battery  
  31  3:47  Probe  
  32  3:48  Probe  
  33  3:56  Assimilator  
  33  3:59  Probe (Chrono Boost)  
  33  4:01  Assimilator  
  34  4:04  Stargate  
  34  4:05  Pylon  
  34  4:09  Probe (Chrono Boost)  
  36  4:17  Probe (Chrono Boost)  
  36  4:19  Probe (Chrono Boost)  
  38  4:24  Probe (Chrono Boost)  
  38  4:30  Probe  
  39  4:35  Probe  
  39  4:38  Stargate  
  40  4:41  Robotics Facility  
  40  4:42  Void Ray (Chrono Boost)  
  40  4:46  Nexus  
  44  5:00  Probe  
  45  5:09  Pylon  
  45  5:12  Probe  
  45  5:13  Sentry  
  48  5:16  Void Ray  
  48  5:19  Assimilator  
  48  5:23  Assimilator  
  48  5:25  Probe  
  53  5:31  Void Ray  
  53  5:34  Pylon  
  53  5:37  Probe  
  53  5:40  Observer  
  59  5:49  Probe (Chrono Boost)  
  60  5:55  Pylon  
  60  5:58  Probe (Chrono Boost)  
  60  5:59  Void Ray  
  60  6:03  Pylon  
  61  6:08  Pylon, Probe (Chrono Boost)  
  66  6:13  Probe (Chrono Boost)  
  66  6:17  Robotics Bay  
  67  6:18  Robotics Facility  
  67  6:20  Observer  
  67  6:25  Probe  
  67  6:37  Probe  
  68  6:41  Phoenix (Chrono Boost)  
  70  6:49  Probe  
  71  6:55  Photon Cannon  
  71  6:56  Photon Cannon  
  71  6:57  Phoenix (Chrono Boost)  
  74  7:01  Phoenix, Probe  
  76  7:13  Fleet Beacon, Probe  
  68  7:21  Phoenix  
  59  7:36  Phoenix (Chrono Boost)  
  60  7:50  Probe (Chrono Boost)  
  63  7:52  Phoenix (Chrono Boost)  
  62  7:59  Phoenix (Chrono Boost)  
  62  8:00  Probe (Chrono Boost)  
  62  8:05  Probe (Chrono Boost)  
  65  8:11  Phoenix (Chrono Boost)  
  68  8:16  Probe  
  69  8:22  Pylon  
  69  8:23  Pylon  
  69  8:25  Pylon  
  69  8:27  Pylon  
  69  8:28  Probe  
  69  8:29  Phoenix  
  56  9:17  Void Ray  
  56  9:18  Void Ray  
  56  9:19  Photon Cannon  
  64  9:33  Stargate  
  64  9:37  Stargate  
  64  9:44  Probe (Chrono Boost)  
  66  9:54  Probe (Chrono Boost)  
  66  9:59  Probe (Chrono Boost)  
  67  10:10  Probe (Chrono Boost)  
  67  10:11  Void Ray x3  
  69  10:15  Probe (Chrono Boost)  
  69  10:19  Nexus  
  69  10:21  Probe (Chrono Boost)  
  82  10:22  Phoenix  
  82  10:25  Probe x2 (Chrono Boost)  
  86  10:29  Fleet Beacon  
  86  10:36  Probe  
  86  10:41  Pylon  
  87  10:43  Pylon  
  87  10:44  Pylon  
  87  10:48  Probe  
  88  11:02  Robotics Bay  
  87  11:24  Void Ray  
  87  11:26  Unknown  
  91  11:50  Void Ray  
  91  11:52  Void Ray  
  85  12:06  Colossus (Chrono Boost), Extended Thermal Lance  
  91  12:28  Pylon  
  91  12:29  Pylon  
  91  12:32  Pylon  
  91  12:39  Shield Battery  
  91  12:40  Shield Battery, Void Ray  
  91  12:42  Shield Battery  
  94  12:56  Void Ray x2  
  98  13:17  Colossus (Chrono Boost)  
Tags
 
Add a new tag
Caveats
  • Supply blocks, unpowered buildings, or Contaminate may cause inaccurate times.
  • Supply counts are checked every 10 seconds.